Map: Orbital Shipyard

Players

Krazed

  • Race: Protoss Protoss
  • League: Gold

ImotoFantasy - Winner!

  • Race: Protoss Protoss
  • League: Gold

VOD

Have the link to the VOD?

Description

Time

  • Played on: Oct. 25, 2015, 7:25 p.m.
  • Length: 7:59
Show
View Real Time Build Order
Export as new Build Order

Krazed Protoss 

Build Orders: Cannon Rush 

Get SALT Encoding   

  12  0:01  Probe (Chrono Boost)  
  13  0:12  Probe (Chrono Boost)  
  14  0:18  Pylon  
  14  0:24  Probe (Chrono Boost)  
  15  0:36  Probe (Chrono Boost)  
  15  0:40  Forge  
  16  0:47  Probe (Chrono Boost)  
  17  1:03  Pylon  
  18  1:04  Probe (Chrono Boost)  
  18  1:14  Probe (Chrono Boost)  
  19  1:19  Pylon  
  19  1:26  Photon Cannon  
  19  1:29  Photon Cannon  
  19  1:40  Photon Cannon  
  19  1:46  Pylon  
  19  1:52  Pylon  
  18  2:07  Photon Cannon  
  19  2:10  Photon Cannon  
  18  2:18  Photon Cannon  
  18  2:28  Photon Cannon  
  18  2:37  Gateway  
  16  4:15  Nexus  
  16  5:27  Gateway  
  16  5:31  Probe (Chrono Boost)  
  17  5:42  Probe (Chrono Boost)  
  18  5:44  Forge  
  18  5:50  Pylon  
  18  5:57  Assimilator  
  18  6:01  Assimilator  
  18  6:05  Probe (Chrono Boost)  
  19  6:21  Photon Cannon  
  19  6:28  Probe (Chrono Boost)  
  19  6:32  Cybernetics Core  
  20  6:39  Probe (Chrono Boost)  
  21  6:47  Gateway  
  21  6:49  Probe (Chrono Boost)  
  22  7:02  Pylon  
  24  7:08  Mothership Core (Chrono Boost)  
  24  7:12  Stalker (Chrono Boost)  
  26  7:21  Pylon  
  26  7:33  Pylon  
Show
View Real Time Build Order
Export as new Build Order

ImotoFantasy Protoss - Winner!

Build Orders:  

Get SALT Encoding   

  12  0:01  Probe (Chrono Boost)  
  13  0:13  Pylon  
  13  0:17  Probe (Chrono Boost)  
  14  0:28  Probe (Chrono Boost)  
  15  0:33  Gateway  
  15  0:38  Probe (Chrono Boost)  
  16  0:43  Assimilator  
  16  0:49  Probe (Chrono Boost)  
  17  0:59  Probe (Chrono Boost)  
  17  1:03  Assimilator  
  18  1:10  Probe (Chrono Boost)  
  19  1:24  Zealot  
  21  1:34  Probe (Chrono Boost)  
  22  1:45  Probe (Chrono Boost)  
  23  2:25  Nexus  
  23  4:19  Pylon  
  23  4:24  Assimilator  
  23  4:26  Assimilator  
  23  4:47  Cybernetics Core  
  23  4:56  Pylon  
  23  4:58  Nexus  
  23  5:02  Pylon  
  23  5:15  Probe (Chrono Boost)  
  24  5:23  Stargate  
  24  5:28  Probe (Chrono Boost)  
  24  5:30  Stargate  
  25  5:39  Probe (Chrono Boost)  
  27  5:50  Probe (Chrono Boost)  
  27  6:00  Probe (Chrono Boost)  
  28  6:08  Void Ray (Chrono Boost)  
  28  6:11  Probe (Chrono Boost)  
  33  6:16  Probe (Chrono Boost)  
  33  6:17  Assimilator  
  34  6:22  Probe (Chrono Boost), Assimilator  
  39  6:26  Probe (Chrono Boost)  
  39  6:29  Void Ray (Chrono Boost)  
  39  6:32  Probe (Chrono Boost)  
  41  6:33  Pylon  
  41  6:36  Probe (Chrono Boost)  
  42  6:43  Probe  
  43  6:47  Probe  
  44  6:55  Probe  
  44  6:57  Probe  
  44  6:58  Fleet Beacon  
  46  7:08  Probe x2, Forge  
  48  7:19  Probe  
  48  7:20  Probe  
  50  7:32  Probe, Nexus  
Tags
 
Add a new tag
Caveats
  • Supply blocks, unpowered buildings, or Contaminate may cause inaccurate times.
  • Supply counts are checked every 10 seconds.